 Dungeon Crawl Stone Soup version 0.24.0-123-gd5b16e6ec5 (webtiles) character file.

Game seed: 10272217837663323233, levelgen mode: deterministic

116 FishyPogo the Skirmisher (level 4, -7/41 HPs)
             Began as a Demonspawn Chaos Knight on Jan 12, 2020.
             Was a Plaything of Xom.
             Killed from afar by a white imp (9 damage)
             ... with a puff of frost
             ... summoned by Xom
             ... on level 2 of the Dungeon.
             The game lasted 00:05:43 (1752 turns).

FishyPogo the Skirmisher (Demonspawn Chaos Knight)  Turns: 1752, Time: 00:05:44

Health: -7/41      AC:  6    Str: 11    XL:     4   Next: 70%
Magic:  4/4        EV: 13    Int: 13    God:    Xom [*.....]
Gold:   110        SH:  0    Dex: 13    Spells: 3/3 levels left

rFire    + . .     SeeInvis .     - Unarmed
rCold    . . .     Gourm    .   (no shield)
rNeg     . . .     Faith    .   a - +2 leather armour
rPois    .         Spirit   .   (no helmet)
rElec    .         Reflect  .   h - +0 cloak
rCorr    .         Harm     .   (no gloves)
MR       .....                  l - +0 pair of boots
Stlth    ++........             (no amulet)
HPRegen  0.13/turn              (no ring)
MPRegen  0.09/turn              (no ring)

@: no status effects
A: talons 1, deformed body, fire resistance 1, weak 1
a: Renounce Religion


You were on level 2 of the Dungeon.
You worshipped Xom.
You were a special plaything of Xom.
You were not hungry.

You visited 1 branch of the dungeon, and saw 2 of its levels.

You collected 110 gold pieces.

Inventory:

Hand Weapons
 m - a +2 trident of venom
Missiles
 e - 29 stones (quivered)
Armour
 a - a +2 leather armour (worn)
 h - a +0 cloak (worn)
 l - a +0 pair of boots (worn)
Scrolls
 c - a scroll of identify
 d - 2 scrolls of random uselessness
 g - a scroll of amnesia
Comestibles
 b - 3 rations
 f - 5 chunks of flesh


   Skills:
 + Level 6.3 Fighting
 + Level 5.1 Armour
 + Level 3.3 Dodging
 * Level 3.6 Stealth
 + Level 3.1 Unarmed Combat


You had 3 spell levels left.
You didn't know any spells.
Your spell library was empty.

Dungeon Overview and Level Annotations

Branches:
Dungeon (2/15)

Altars:
Gozag


Innate Abilities, Weirdness & Mutations

You have sharp toenails.
Your flesh is heat resistant. (rF+)
Armour fits poorly on your strangely shaped body.
You are weak. (Str -2)


Message History

You hit the white imp but do no damage. You punch the white imp.
The white imp is severely wounded.
The shadow imp misses you. The white imp hits you.
* * * LOW HITPOINT WARNING * * *
The white imp freezes you.
* * * LOW HITPOINT WARNING * * *
You hit the white imp.
The white imp is almost dead.
The shadow imp completely misses you. The white imp barely misses you.
You closely miss the white imp.
The white imp is almost dead.
The white imp closely misses you. The shadow imp completely misses you.
You barely miss the white imp.
The white imp is almost dead.
The white imp closely misses you. The shadow imp closely misses you.
You hit the white imp but do no damage.
The white imp is almost dead.
The white imp gestures at you. The puff of frost hits you!
You die...

#####.#.#'######.#..# #.#
#.#.#.#....#.#.<# #.#
#.#.#.#.##......#####.# ##
#.#.#.#.######......#.#
.####.#.#..........####.#.#
...##.#.#.##########***,#.#
...'..#.#........,,,,,,,#.#
...####,#################.#
...# *,,......5@5........#
...# ***##################
...# ...# >..# ...# ####


You could see a white imp and a shadow imp.

Vanquished Creatures
  Terence (D:2)
  2 adders (D:2)
  2 worms (D:2)
  A dart slug (D:2)
  A leopard gecko (D:2)
  2 orcs (D:2)
  A ball python (D:1)
  4 bats
  A giant cockroach (D:2)
  5 goblins (D:2)
  2 hobgoblins (D:1)
  9 kobolds
  3 frilled lizards
  4 rats
38 creatures vanquished.

Notes
Turn   | Place    | Note
-------+----------+-------------------------------------------
     0 | D:1      | FishyPogo the Demonspawn Chaos Knight began the quest for
                  | the Orb.
     0 | D:1      | Reached XP level 1. HP: 18/18 MP: 1/1
    72 | D:1      | XOM: divination: magic mapping
   127 | D:1      | XOM: cloud trail
   166 | D:1      | XOM: 2-stop teleportation journey
   552 | D:1      | Gained mutation: Your flesh is heat resistant. (rF+)
                  | [demonic ancestry]
   552 | D:1      | Reached XP level 2. HP: 22/24 MP: 2/2
  1027 | D:2      | Noticed Terence
  1031 | D:2      | XOM: potion effect (experience)
  1031 | D:2      | Reached skill level 6 in Fighting
  1031 | D:2      | Reached skill level 5 in Armour
  1031 | D:2      | Gained mutation: You have sharp toenails. [demonic
                  | ancestry]
  1031 | D:2      | Reached XP level 3. HP: 26/35 MP: 3/3
  1033 | D:2      | XOM: potion effect (invisibility)
  1093 | D:2      | XOM: harmless Hex miscast
  1118 | D:2      | Found an opulent altar of Gozag.
  1225 | D:2      | Reached XP level 4. HP: 30/41 MP: 4/4
  1226 | D:2      | XOM: harmless Tloc miscast
  1441 | D:2      | XOM: harmless Hex miscast
  1445 | D:2      | XOM: divination: detect items
  1543 | D:2      | HP: 2/61 [Terence/+0 trident (5)]
  1547 | D:2      | Killed Terence
  1693 | D:2      | XOM: give mutations
  1693 | D:2      | Gained mutation: Your magical capacity is low. (-10% MP)
                  | [Xom's mischief]
  1693 | D:2      | Lost mutation: Your magical capacity is low. (-10% MP)
                  | [Xom's mischief]
  1693 | D:2      | Gained mutation: Armour fits poorly on your strangely
                  | shaped body. [Xom's mischief]
  1693 | D:2      | Gained mutation: You are weak. (Str -2) [Xom's mischief]
  1739 | D:2      | XOM: summons 2 hostile demons
  1748 | D:2      | HP: 2/41 [white imp[Xom] (2)]
  1752 | D:2      | Killed from afar by a white imp

Levels and vault maps discovered:
D:1:      minmay_arrival_stone_box, layout_loops_corners
D:2:      layout_basic, grunt_gozag_statues, uniq_terence, uniq_natasha

Skill      XL: |  1  2  3 |
---------------+----------+-----
Armour         | 2 5 |  5.1
Fighting       | 6 |  6.3
Dodging        | 3 |  3.3
Stealth        | 3 |  3.6
Unarmed Combat | 3 |  3.1

Action                   |  1- 3 |  4- 6 || total
-------------------------+-------+-------++-------
Melee: Unarmed           |   103 |    70 ||   173
       Kick              |     4 |     5 ||     9
       Punch             |       |     2 ||     2
  Use: Scroll            |       |     4 ||     4
       Potion            |       |     1 ||     1
 Stab: Sleeping          |     1 |     1 ||     2
       Invisible         |     1 |       ||     1
  Eat: Chunk             |     1 |     2 ||     3
Armor: Leather armour    |    53 |     8 ||    61
       Skin              |       |     3 ||     3
Dodge: Dodged            |    88 |    45 ||   133
